Map: Year Zero LE

Players

ZaZen

  • Race: Terran Terran
  • League: Silver
  • Spawn Location: 1:00

ALCHEMIESJAM - Winner!

  • Race: Terran Terran
  • League: Gold
  • Spawn Location: 11:00

VOD

Have the link to the VOD?

Description

Time

  • Played on: May 18, 2019, 2:01 p.m.
  • Length: 8:32
Show
View Real Time Build Order
Export as new Build Order

ZaZen Terran 

Build Orders: Gas First Reaper Expand 

Get SALT Encoding   

  12  0:01  SCV  
  13  0:15  SCV  
  13  0:18  Supply Depot  
  14  0:28  Refinery  
  14  0:30  SCV  
  15  0:42  SCV  
  16  0:47  Barracks  
  16  0:54  SCV  
  17  1:06  SCV  
  18  1:20  SCV  
  19  1:39  Command Center  
  19  1:41  Bunker  
  19  1:44  SCV  
  19  1:46  Reaper  
  21  1:59  Factory  
  21  2:17  Supply Depot  
  21  2:20  Orbital Command  
  21  2:24  Reaper  
  22  2:34  Refinery  
  22  2:45  Hellion  
  24  2:56  Reaper  
  25  3:00  SCV  
  25  3:03  Orbital Command  
  26  3:07  Hellion  
  28  3:16  Starport  
  28  3:21  SCV  
  29  3:28  Factory Tech Lab  
  29  3:29  Barracks Reactor  
  29  3:33  SCV  
  30  3:38  SCV  
  31  3:45  SCV  
  32  3:48  Cyclone  
  32  3:51  SCV  
  32  3:54  Starport Tech Lab  
  34  4:25  SCV x2  
  34  4:27  Cyclone, Marine x2  
  41  4:33  Refinery  
  41  4:34  Refinery  
  41  4:35  Raven  
  41  4:37  SCV  
  44  4:47  Barracks, Marine x2  
  44  4:48  Barracks  
  46  5:09  SCV x2  
  46  5:13  Supply Depot  
  48  5:21  SCV x2  
  50  5:27  Siege Tank  
  53  5:33  Stimpack  
  53  5:35  Barracks Reactor x2  
  53  5:41  SCV x2  
  55  5:45  Supply Depot  
  55  5:54  Engineering Bay  
  55  6:00  Viking, Engineering Bay  
  55  6:03  Viking  
  59  6:06  SCV  
  60  6:22  Marine x2  
  60  6:23  Marine x2  
  60  6:25  Siege Tank  
  67  6:27  Marine  
  67  6:30  Viking  
  70  6:36  Supply Depot  
  70  6:39  Viking, Supply Depot  
  72  6:42  SCV x2  
  74  6:56  Marine x4  
  74  6:58  Marine  
  74  6:59  Siege Tank  
  82  7:03  Viking  
  82  7:06  SCV x2  
  86  7:11  Supply Depot x2  
  86  7:18  SCV x2  
  88  7:26  Marine  
  88  7:27  Marine  
  90  7:30  SCV x2  
  90  7:34  Viking  
  54  8:06  Marine  
  54  8:07  Marine x4  
Show
View Real Time Build Order
Export as new Build Order

ALCHEMIESJAM Terran - Winner!

Build Orders:  

Get SALT Encoding   

  12  0:01  SCV  
  14  0:14  SCV  
  14  0:26  Supply Depot  
  14  0:29  SCV  
  15  0:47  SCV  
  15  0:48  Barracks  
  16  0:54  Refinery  
  16  0:59  SCV  
  17  1:11  SCV  
  18  1:23  SCV  
  19  1:39  Command Center  
  19  1:46  Barracks Tech Lab  
  19  1:48  SCV, Barracks  
  20  2:00  SCV  
  21  2:09  Factory  
  21  2:10  Marine  
  21  2:14  SCV  
  23  2:35  Supply Depot  
  23  2:41  Barracks Reactor  
  23  2:46  Barracks  
  23  2:51  SCV, Marine  
  25  3:00  Starport  
  25  3:03  SCV  
  26  3:05  Refinery  
  26  3:06  SCV  
  26  3:08  Marine  
  28  3:15  Factory Tech Lab  
  28  3:18  SCV  
  29  3:20  SCV  
  29  3:24  Marine x2  
  29  3:26  Marine  
  33  3:34  Orbital Command  
  33  3:37  SCV  
  34  3:43  Barracks Reactor  
  34  3:51  SCV  
  35  3:58  Refinery  
  35  3:59  Marine  
  35  4:00  Marine  
  36  4:03  SCV  
  32  4:15  Supply Depot  
  32  4:16  Supply Depot  
  28  4:25  Siege Tank  
  28  4:27  Starport Tech Lab  
  28  4:28  Marine x2  
  28  4:29  Marine  
  34  4:52  Banshee  
  37  4:54  Marine x4  
  41  5:16  Siege Tank  
  44  5:40  Medivac  
  44  5:41  Marine  
  44  5:42  Marine x4  
  51  5:44  SCV  
  51  5:45  SCV  
  53  5:56  SCV  
  54  5:57  SCV, Combat Shield  
  54  5:59  Marine  
  54  6:00  Marine  
  57  6:08  Orbital Command  
  57  6:15  Engineering Bay  
  57  6:20  Starport, Siege Tank  
  60  6:44  Supply Depot  
  60  6:46  Marine x2  
  62  6:54  Marine x3  
  62  6:58  SCV x2  
  67  7:03  Marine  
  67  7:04  Marine  
  69  7:10  SCV x2, Refinery  
  69  7:12  Starport Tech Lab, Marine x3  
  74  7:18  Fusion Core  
  74  7:21  Marine  
  74  7:22  SCV x2  
  77  7:34  SCV  
Tags
 
Add a new tag
Caveats
  • Supply blocks, unpowered buildings, or Contaminate may cause inaccurate times.
  • Supply counts are checked every 10 seconds.